 Dungeon Crawl Stone Soup version 0.23-a0-183-gf37f6fb (webtiles) character file.

105 galech the Shield-Bearer (level 4, -1/35 HPs)
             Began as a Demonspawn Fighter on Sept 21, 2018.
             Slain by an orc priest (2 damage)
             ... on level 3 of the Dungeon.
             The game lasted 00:02:16 (1991 turns).

galech the Shield-Bearer (Demonspawn Fighter)       Turns: 1991, Time: 00:02:17

Health: -1/35      AC:  6    Str: 16    XL:     4   Next: 54%
Magic:  4/4        EV:  9    Int:  9    God:
Gold:   92         SH:  9    Dex: 14    Spells: 3/3 levels left

rFire    . . .     SeeInvis .   a - +0 war axe
rCold    . . .     Gourm    .   c - +0 shield
rNeg     . . .     Faith    +   b - +0 scale mail
rPois    .         Spirit   .   (no helmet)
rElec    .         Reflect  .   (no cloak)
rCorr    .         Harm     .   (no gloves)
MR       .....                  (no boots)
Stlth    ..........             i - amulet of faith
HPRegen  0.11/turn              (no ring)
MPRegen  0.09/turn              (no ring)

@: lethally poisoned (-1 -> -5)
A: repulsion field 1, foul stench 1, rot immunity
a: no special abilities


You were on level 3 of the Dungeon.
You were not hungry.

You visited 1 branch of the dungeon, and saw 3 of its levels.

You collected 92 gold pieces.

Inventory:

Hand Weapons
 a - a +0 war axe (weapon)
Armour
 b - a +0 scale mail (worn)
 c - a +0 shield (worn)
Jewellery
 i - an amulet of faith (around neck)
Scrolls
 e - a scroll of random uselessness {unknown}
 g - a scroll of fear {unknown}
 h - 4 scrolls of teleportation {unknown}
 j - 2 scrolls of remove curse {unknown}
 k - a scroll of identify {unknown}
 m - a scroll of enchant weapon {unknown}
 n - a scroll of enchant armour {unknown}
Potions
 d - a potion of might
 p - a potion of lignification {unknown}
Comestibles
 f - a ration
 l - a chunk of flesh


   Skills:
 + Level 3.4 Fighting
 + Level 2.8 Axes
 + Level 3.2 Armour
 + Level 0.2 Dodging
 + Level 3.4 Shields


You had 3 spell levels left.
You didn't know any spells.
Your spell library was empty.

Dungeon Overview and Level Annotations

Branches:
Dungeon (3/15)

Altars:


Innate Abilities, Weirdness & Mutations

You are surrounded by a mild repulsion field. (EV +2)
You may emit foul miasma when damaged in melee.
You are immune to rotting.


Message History

You closely miss the orc priest.
The orc priest is heavily wounded.
Your shield and scale mail prevent you from hitting the orc.
You hit the orc. You closely miss the orc. You block the orc's attack.
The orc priest calls upon Beogh to heal the orc.
The orc's wounds heal themselves!
You block the orc's attack. The orc hits you but does no damage.
The orc looks sick.
The orc hits you but does no damage.
You hit the orc priest but do no damage.
The orc priest is heavily wounded.
You completely miss the orc. You hit the orc.
You kill the orc!
Your shield and scale mail prevent you from hitting the orc.
You feel sick.
The orc priest calls down the wrath of Beogh upon you.
Beogh smites you!
* * * LOW HITPOINT WARNING * * *
The orc hits you but does no damage. You block the orc's attack.
The orc priest hits you.
You die...

...........######.
######.#### #. #.#
.. #.# ##.## #
##.(.## ..#
#...(.######$..#
##.....#oo.......
...((.$.†[.@o......
.[.........).......
##........###.#...#
#....#...# .# ..#
#.........# # #
#.....##..# ....#
#..# .. ####


You could see an orc priest and 2 orcs.

Vanquished Creatures
  A worker ant (D:3)
  2 adders
  3 worms (D:2)
  2 dart slugs (D:1)
  2 leopard geckos
  An orc (D:3)
  2 ball pythons (D:1)
  8 bats
  A giant cockroach (D:2)
  A goblin (D:2)
  2 hobgoblins
  4 jackals (D:2)
  3 quokkas
  9 kobolds
  5 rats
46 creatures vanquished.

Notes
Turn   | Place    | Note
-------+----------+-------------------------------------------
     0 | D:1      | galech the Demonspawn Fighter began the quest for the Orb.
     0 | D:1      | Reached XP level 1. HP: 18/18 MP: 1/1
   194 | D:1      | Gained mutation: You are surrounded by a mild repulsion
                  | field. (EV +2) [demonic ancestry]
   194 | D:1      | Reached XP level 2. HP: 3/24 MP: 2/2
   816 | D:1      | Gained mutation: You are immune to rotting. [demonic
                  | ancestry]
   816 | D:1      | Reached XP level 3. HP: 29/29 MP: 3/3
  1941 | D:3      | Gained mutation: You may emit foul miasma when damaged in
                  | melee. [demonic ancestry]
  1941 | D:3      | Reached XP level 4. HP: 35/35 MP: 4/4
  1991 | D:3      | HP: 1/35 [orc priest/divine providence (13)]
  1991 | D:3      | Slain by an orc priest

Vault maps used:
D:1:      eino_arrival_cavern_b, minmay_domino_4
D:2:      kennysheep_generic_room_8
D:3:      lemuel_coloured_pillars_altar, tgw_xom, uniq_robin, uniq_sigmund

Skill      XL: |  1  2 |
---------------+-------+-----
Shields        | 3 |  3.4
Armour         | 3 |  3.2
Axes           | 2 |  2.8
Fighting       | |  3.4
Dodging        | |  0.2

Action                   |  1- 3 |  4- 6 || total
-------------------------+-------+-------++-------
Melee: War axe           |   151 |    16 ||   167
  Use: Potion            |       |     1 ||     1
  Eat: Chunk             |     4 |       ||     4
Armor: Scale mail        |    67 |    12 ||    79
Dodge: Dodged            |    48 |    13 ||    61
Block: Shield            |    90 |    19 ||   109

Table legend:
 A = Non-vault XP
 B = Vault XP
 C = Vault XP percentage of total XP
 D = Non-vault monster count
 E = Vault monster count
 F = Vault count percentage of total count
                 A         B        C        D         E       F
            +---------+---------+-------+---------+---------+-------
      Total |     146 |       5 |   3.3 |      44 |       2 |   4.3
            +---------+---------+-------+---------+---------+-------
        D:1 |      37 |       5 |  11.9 |      21 |       2 |   8.7
        D:2 |      50 |       0 |   0.0 |      15 |       0 |   0.0
        D:3 |      59 |       0 |   0.0 |       8 |       0 |   0.0
            +---------+---------+-------+---------+---------+-------
